 Dungeon Sprint DCSS version 0.29.1-15-g9cfb28693d (webtiles) character file.

Game seed: 6070670039025041789

3500000 Nonny the Formicid Barricade (level 21, -15/204 HPs)
             Began as a Formicid Fighter on Feb 26, 2023.
             Was the Champion of Makhleb.
             Demolished by a large bag of meat
             ... wielding a +9 giant spiked club
              (64 damage)
             ... in the Dungeon (Sprint VIII: "Arena of Blood").
             The game lasted 00:01:01 (35 turns).

Nonny the Formicid Barricade (Formicid Fighter)       Turns: 35, Time: 00:01:01

Health: -15/204    AC: 13    Str: 22    XL:     21   Next: 58%
Magic:  21/35      EV: 17    Int: 10    God:    Makhleb [******]
Gold:   0          SH: 12    Dex: 21    Spells: 41/41 levels left

rFire   . . .      SeeInvis +   g - +∞ Axe of Woe
rCold   . . .      Faith    .   b - +0 buckler
rNeg    . . .      Spirit   .   a - +0 scale mail
rPois   .          Reflect  .   (helmet unavailable)
rElec   .          Harm     .   (no cloak)
rCorr   .          Rampage  .   (no gloves)
Will    ++...                   (no boots)
Stlth   ++++++....              (no amulet)
HPRegen 0.44/turn               (no ring)
MPRegen 0.24/turn               (no ring)

@: no status effects
A: permanent stasis, dig shafts and tunnels, antennae 3, four strong arms
a: Dig, Renounce Religion, Minor Destruction, Lesser Servant of Makhleb, Major
Destruction, Greater Servant of Makhleb


You were in the Dungeon.
You worshipped Makhleb.
Makhleb was exalted by your worship.
You visited 1 branch

Inventory:

Hand Weapons
 g - the +∞ Axe of Woe (weapon)
   (You found it in the Dungeon)
Armour
 a - a +0 scale mail (worn)
 b - a +0 buckler (worn)
Potions
 c - a potion of might
 d - a potion of curing
 e - a potion of heal wounds
 f - 2 potions of magic


   Skills:
 O Level 27 Fighting
 + Level 10.5(12.3) Short Blades
 + Level 10.5(12.4) Long Blades
 O Level 27 Axes
 + Level 10.5(21.2) Maces & Flails
 + Level 10.5(21.2) Polearms
 + Level 10.5(13.9) Staves
 + Level 10.5 Ranged Weapons
 + Level 10.5 Throwing
 O Level 27 Armour
 + Level 9.6 Dodging
 + Level 18.1 Stealth
 O Level 27 Shields
 O Level 27 Unarmed Combat
 + Level 10.5 Spellcasting
 + Level 9.6 Conjurations
 + Level 13.8 Hexes
 + Level 10.5 Summonings
 + Level 10.5 Necromancy
 + Level 9.6 Translocations
 + Level 11.4 Transmutations
 + Level 11.7 Fire Magic
 + Level 11.7 Ice Magic
 + Level 9.9 Air Magic
 + Level 13.8 Earth Magic
 + Level 14.9 Poison Magic
 + Level 13.8 Invocations
 + Level 12.7 Evocations


You had 41 spell levels left.
You didn't know any spells.
Your spell library was empty.

Dungeon Overview and Level Annotations

Branches:
Dungeon (1/1)

Altars:
Makhleb


Innate Abilities, Weirdness & Mutations

You cannot be hasted, slowed, berserked, paralysed or teleported.
You can dig through walls and to a lower floor.
You have a pair of large antennae on your head. (SInv)
Your four strong arms can wield two-handed weapons with a shield.


Message History

You chop the sculptor of flesh into pieces!!!
You slaughter the sculptor of flesh joyfully.
You destroy the sculptor of flesh!
Makhleb accepts your kill.
You feel better.
The meat berserker rages.
The destroyer gestures at you while chanting.
The destroyer blinks!
You hear a shout! x2
The eight-headed meat hydra calls on the powers of darkness!
The eight-headed meat hydra convulses!
The large bag of meat convulses!
Flame seeps out of the large bag of meat.
The large bag of meat convulses!
Flame seeps out of the large bag of meat.
The large bag of meat convulses!
Flame seeps out of the large bag of meat.
Your body is wracked with pain!
The bag of meat convulses!
The meat berserker convulses!
Your Stealth skill gained 5 levels and is now at level 18!
The large bag of meat is engulfed in blazing flames. x2
You hear a shout!
The large bag of meat is engulfed in blazing flames.
The eight-headed meat hydra calls on the powers of darkness!
The eight-headed meat hydra convulses!
The large bag of meat convulses!
Flame seeps out of the large bag of meat.
The bag of meat convulses!
The large bag of meat convulses!
Flame seeps out of the large bag of meat.
The large bag of meat convulses!
Flame seeps out of the large bag of meat.
Your body is wracked with pain!
* * * LOW HITPOINT WARNING * * *
The meat berserker convulses!
A destroyer comes into view. It is wielding a +9 vorpal great sword.
You hear a shout! x3; The destroyer shouts!
Unknown command.
You hear a shout! x3
The bag of meat is engulfed in blazing flames.
The large bag of meat is engulfed in blazing flames. x2
The large bag of meat hits you with a +9 giant spiked club!!!
You die...

........###........
...###....)).###...
.....#...).).#.....
..§V.#...)○☼○#....
........)o§)°.....
......D.))☼§°O...#
........)O......#.
........°))...##..
....#..°@O...#....
.....z..O....#...
...##.#......D....
.. ...O...........
# #V...#.....####
..............
...............
.......=.......
###############


You could see 2 eight-headed meat hydras, 2 destroyers, a sculptor of flesh, 3
large bags of meat, 2 meat berserkers and a bag of meat.

Vanquished Creatures
  2 vampire knights (D)
  9 ogres (D)
  A two-headed ogre (D)
  24 orcs (D)
  A skeletal warrior (D)
37 creatures vanquished.

Notes
Turn   | Place    | Note
-------+----------+-------------------------------------------
     0 | D        | Found the +∞ Axe of Woe
     0 | D        | Nonny the Formicid Fighter began the quest for the Orb.
     0 | D        | Reached XP level 1. HP: 18/18 MP: 1/1
     1 | D        | Noticed a bag of meat
     3 | D        | Became a worshipper of Makhleb the Destroyer
     6 | D        | Noticed a bag of meat
     6 | D        | Noticed a bag of meat
     7 | D        | Noticed a bag of meat
     7 | D        | Noticed a bag of meat
     7 | D        | Noticed a bag of meat
     7 | D        | Noticed a meat berserker
     7 | D        | Noticed a bag of meat
     7 | D        | Noticed a bag of meat
     8 | D        | Noticed a meat berserker
     8 | D        | Noticed a bag of meat
     8 | D        | Noticed a meat berserker
     9 | D        | Noticed a bag of meat
     9 | D        | Noticed a bag of meat
     9 | D        | Noticed a meat berserker
     9 | D        | Noticed a bag of meat
    10 | D        | Noticed a meat berserker
    10 | D        | Noticed a bag of meat
    10 | D        | Noticed a meat berserker
    11 | D        | Killed a meat berserker
    11 | D        | Killed a bag of meat
    11 | D        | Reached * piety under Makhleb
    11 | D        | Killed a bag of meat
    11 | D        | Noticed a meat berserker
    12 | D        | Reached skill level 10 in Axes
    12 | D        | Reached XP level 2. HP: 52/52 MP: 2/2
    12 | D        | Reached XP level 3. HP: 59/59 MP: 3/3
    12 | D        | Reached XP level 4. HP: 66/66 MP: 4/4
    12 | D        | Reached XP level 5. HP: 73/73 MP: 5/5
    12 | D        | Reached XP level 6. HP: 80/80 MP: 6/6
    12 | D        | Reached XP level 7. HP: 87/87 MP: 7/7
    12 | D        | Reached XP level 8. HP: 94/94 MP: 8/8
    12 | D        | Reached XP level 9. HP: 101/101 MP: 9/9
    12 | D        | Reached XP level 10. HP: 108/108 MP: 10/10
    12 | D        | Reached XP level 11. HP: 115/115 MP: 11/11
    12 | D        | Reached XP level 12. HP: 122/122 MP: 12/12
    12 | D        | Reached XP level 13. HP: 128/128 MP: 13/13
    12 | D        | Killed a meat berserker
    12 | D        | Killed a meat berserker
    12 | D        | Reached ** piety under Makhleb
    12 | D        | Noticed a bag of meat
    12 | D        | Noticed a bag of meat
    13 | D        | Reached XP level 14. HP: 61/144 MP: 14/14
    13 | D        | Reached XP level 15. HP: 64/151 MP: 15/15
    13 | D        | Reached *** piety under Makhleb
    13 | D        | Killed a meat berserker
    13 | D        | Killed a meat berserker
    14 | D        | Reached skill level 27 in Fighting
    14 | D        | Reached skill level 27 in Armour
    14 | D        | Reached skill level 27 in Shields
    14 | D        | Reached XP level 16. HP: 80/167 MP: 16/16
    14 | D        | Killed a meat berserker
    14 | D        | Reached **** piety under Makhleb
    14 | D        | Killed a meat berserker
    14 | D        | Reached ***** piety under Makhleb
    15 | D        | Reached skill level 27 in Axes
    15 | D        | Reached XP level 17. HP: 138/174 MP: 17/17
    15 | D        | Reached XP level 18. HP: 144/182 MP: 18/18
    15 | D        | Noticed a meat berserker
    15 | D        | Noticed a large bag of meat
    16 | D        | Reached skill level 27 in Unarmed Combat
    17 | D        | Killed a meat berserker
    18 | D        | Reached skill level 5 in Stealth
    18 | D        | Reached skill level 5 in Fire Magic
    18 | D        | Reached skill level 5 in Ice Magic
    18 | D        | Reached skill level 5 in Evocations
    18 | D        | Reached XP level 19. HP: 189/189 MP: 18/25
    20 | D        | Reached skill level 5 in Transmutations
    20 | D        | Noticed a destroyer
    21 | D        | Reached ****** piety under Makhleb
    22 | D        | Reached skill level 5 in Dodging
    22 | D        | Reached skill level 5 in Conjurations
    22 | D        | Reached skill level 5 in Translocations
    22 | D        | Reached skill level 5 in Air Magic
    22 | D        | Killed a large bag of meat
    22 | D        | Noticed a destroyer
    23 | D        | Reached skill level 10 in Poison Magic
    23 | D        | Noticed a large bag of meat
    25 | D        | Reached skill level 10 in Stealth
    25 | D        | Reached skill level 10 in Hexes
    25 | D        | Reached skill level 10 in Earth Magic
    25 | D        | Reached skill level 10 in Invocations
    25 | D        | Reached XP level 20. HP: 197/197 MP: 19/31
    25 | D        | Killed a destroyer
    26 | D        | Reached skill level 10 in Evocations
    26 | D        | Noticed a meat berserker
    26 | D        | Noticed a large bag of meat
    27 | D        | Killed a destroyer
    28 | D        | Reached skill level 10 in Long Blades
    28 | D        | Reached skill level 10 in Throwing
    28 | D        | Reached skill level 10 in Summonings
    28 | D        | Reached skill level 10 in Transmutations
    28 | D        | Reached XP level 21. HP: 204/204 MP: 19/34
    28 | D        | Noticed an eight-headed meat hydra
    28 | D        | Noticed a large bag of meat
    31 | D        | Reached skill level 10 in Short Blades
    31 | D        | Reached skill level 10 in Maces & Flails
    31 | D        | Reached skill level 10 in Polearms
    31 | D        | Reached skill level 10 in Staves
    31 | D        | Reached skill level 10 in Ranged Weapons
    31 | D        | Reached skill level 10 in Spellcasting
    31 | D        | Reached skill level 10 in Necromancy
    31 | D        | Noticed an eight-headed meat hydra
    31 | D        | Noticed a meat berserker
    32 | D        | Noticed a destroyer
    32 | D        | Killed a meat berserker
    32 | D        | Noticed a meat berserker
    34 | D        | Noticed a destroyer
    35 | D        | Demolished by a large bag of meat

Illustrated notes

Levels and vault maps discovered:
D:        meatsprint

Skill      XL: |  1  2  3  4  5  6  7  8  9 10 11 12 13 14 15 16 17 18 19 20 21 |
---------------+----------------------------------------------------------------+-----
Fighting       | 20 23 27 | 27.0
Axes           | 10 12 21 27 | 27.0
Armour         | 20 24 27 | 27.0
Shields        | 22 26 27 | 27.0
Unarmed Combat | 9 11 14 24 27 | 27.0
Short Blades   | 4 7 9 10 | 10.5
Long Blades    | 4 7 10 | 10.5
Maces & Flails | 4 7 9 10 | 10.5
Polearms       | 4 7 9 10 | 10.5
Staves         | 4 7 9 10 | 10.5
Ranged Weapons | 4 7 9 10 | 10.5
Throwing       | 4 7 10 | 10.5
Dodging        | 4 7 9 |  9.6
Stealth        | 5 10 12 18 | 18.1
Spellcasting   | 4 7 9 10 | 10.5
Conjurations   | 4 7 9 |  9.6
Hexes          | 6 10 13 | 13.8
Summonings     | 4 7 10 | 10.5
Necromancy     | 4 7 9 10 | 10.5
Translocations | 4 7 9 |  9.6
Transmutations | 4 8 10 11 | 11.4
Fire Magic     | 5 8 11 | 11.7
Ice Magic      | 5 8 11 | 11.7
Air Magic      | 4 7 9 |  9.9
Earth Magic    | 6 10 13 | 13.8
Poison Magic   | 6 11 14 | 14.9
Invocations    | 6 10 13 | 13.8
Evocations     | 5 9 12 | 12.7

Action                   |  1- 3 |  4- 6 |  7- 9 | 10-12 | 13-15 | 16-18 | 19-21 || total
-------------------------+-------+-------+-------+-------+-------+-------+-------++-------
Melee: Executioner's axe |     1 |       |       |       |     2 |     4 |     9 ||    16
 Stab: Distracted        |       |       |       |       |       |       |     1 ||     1
Block: Buckler           |     1 |       |       |       |       |       |       ||     1
